 Dungeon Crawl Stone Soup version 0.20.1-1-g8b1a95d (webtiles) character file.

29370 wilfster70 the Severer (level 13, -3/174 HPs)
             Began as a Minotaur Berserker on July 19, 2017.
             Was a High Priest of Trog.
             Killed from afar by Azrael (47 damage)
             ... with a fireball
             ... on level 13 of the Dungeon.
             The game lasted 01:01:30 (12064 turns).

wilfster70 the Severer (Minotaur Berserker)        Turns: 12064, Time: 01:01:33

Health: -3/174     AC: 19    Str: 29    XL:     13   Next: 14%
Magic:  12/12      EV: 12    Int:  4    God:    Trog [*****.]
Gold:   724        SH: 21    Dex: 13    Spells: 12/12 levels left

rFire    . . .     SeeInvis +   B - +2 war axe
rCold    . . .     Gourm    .   h - +0 shield
rNeg     . . .     Faith    .   y - +0 plate armour
rPois    .         Spirit   .   T - +1 hat
rElec    .         Reflect  +   (no cloak)
rCorr    .         Harm     .   p - +0 pair of gloves
MR       .....                  Q - +0 pair of boots {run}
Stlth    ..........             N - brooch of Shielding {Reflect SH+8}
Regen    0.4/turn               (no ring)
MPRegen  0.2/turn               F - ring of see invisible

@: berserking (expiring), very quick
A: retaliatory headbutt, horns 2
a: Berserk, Trog's Hand, Brothers in Arms, Burn Spellbooks, Renounce Religion


You were on level 13 of the Dungeon.
You worshipped Trog.
Trog was extremely pleased with you.
You were near starving.

You visited 1 branch of the dungeon, and saw 13 of its levels.

You collected 769 gold pieces.
You spent 45 gold pieces at shops.

Inventory:

Hand Weapons
 f - the +7 great mace "Firestarter" {inner flame, rF++}
   (You found it on level 10 of the Dungeon)

   It has been specially enchanted to burn those struck by it, causing extra
   injury to most foes and up to half again as much damage against particularly
   susceptible opponents.
   It greatly protects you from fire.
 v - the +6 whip "Oleapn" {venom, rElec rPois rF- Int+4}
   (You found it on level 4 of the Dungeon)

   It poisons the flesh of those it strikes.
   It affects your intelligence (+4).
   It makes you vulnerable to fire.
   It insulates you from electricity.
   It protects you from poison.
 B - a +2 war axe (weapon)
 R - a +2 battleaxe
Armour
 h - a +0 shield (worn)
 p - a +0 pair of gloves (worn)
 y - a +0 plate armour (worn)
 Q - a +0 pair of boots of running (worn)
 T - a +1 hat (worn)
Jewellery
 d - an uncursed ring of protection from magic
 l - an uncursed ring of protection from fire
 u - an uncursed ring of stealth {unknown}
 F - a ring of see invisible (right hand)
 G - a ring of the Octopus King {rC+ AC+1 EV+1 Str+1 Int+1 Dex+1}
   (You took it off a centaur warrior on level 7 of the Dungeon)

   [ring of protection from cold]

   It affects your AC (+1).
   It affects your evasion (+1).
   It affects your strength (+1).
   It affects your intelligence (+1).
   It affects your dexterity (+1).
   It protects you from cold.
 N - the brooch of Shielding (around neck) {Reflect SH+8}
   (You found it on level 7 of the Dungeon)

   [amulet of reflection]

   It shields you and reflects attacks.
   It affects your SH (+8).
 P - an uncursed ring of protection from magic
Wands
 a - a wand of lightning (6/15)
 z - a wand of iceblast (4/15)
 C - a wand of confusion (31/48)
 E - a wand of flame (27/48)
 L - a wand of digging (11/24)
Scrolls
 o - 4 scrolls of magic mapping
 q - 4 scrolls of teleportation
 r - a scroll of remove curse
 t - 3 scrolls of recharging
 w - 5 scrolls of enchant weapon
 H - a scroll of blinking
Potions
 b - 2 potions of heal wounds
 e - a potion of flight {unknown}
 g - 9 potions of curing
 i - a potion of degeneration {unknown}
 j - 2 potions of invisibility
 n - 2 potions of agility {unknown}
 s - a potion of brilliance
 x - a potion of resistance {unknown}
 D - 2 potions of cancellation
 K - 4 potions of ambrosia
 M - a potion of haste
Books
 J - a book of Debilitation

   Spells                             Type                      Level
   a - Corona                         Hexes                        1
   b - Slow                           Hexes                        2
   c - Inner Flame                    Hexes/Fire                   3
   d - Portal Projectile              Hexes/Translocation          3
   e - Cause Fear                     Hexes                        4
   f - Leda's Liquefaction            Hexes/Earth                  4
   Trog disapproves of the use of such an item.
Comestibles
 c - 9 bread rations
 k - 6 chunks of flesh
 m - 7 meat rations
 I - 7 royal jellies
 O - a fruit


   Skills:
 + Level 11.3 Fighting
 * Level 15.5 Axes
 + Level 11.1 Armour
 + Level 10.3 Dodging
 + Level 10.8 Shields


You had 12 spell levels left.
You didn't know any spells.

Dungeon Overview and Level Annotations

Branches:
Dungeon (13/15)            Temple (0/1) D:7            Lair (0/6) D:9
 Vaults (0/5) D:13
    Orc: D:9-12

Altars:
Ashenzari
Cheibriados
Dithmenos
Elyvilon
Fedhas
Nemelex Xobeh
Trog
Uskayaw
Xom
Zin
Jiyva

Shops:
D:10 ?

Annotations:
D:13 Azrael


Innate Abilities, Weirdness & Mutations

You reflexively headbutt those who attack you in melee.
You have a pair of horns on your head.


Message History

You kill the hell hound!
Trog accepts your kill. Something appears at your feet! Trog grants you a gift!
You block the fire elemental's attack.
Items here: )) [[ †† You feel a strong urge to attack something.
You block Azrael's attack.
Things that are here:
a trident; a robe You slice Azrael!!
Azrael is moderately wounded.
You hit the fire elemental. You block the fire elemental's attack.
You slice Azrael!! You headbutt Azrael!!
Azrael is severely wounded.
Your plate armour prevents you from hitting the fire elemental.
Azrael is momentarily hidden by a cloud of flames.
Azrael gestures at you.
The fireball explodes!
The fireball engulfs you!
You die...

....§#......#####...#####.#
.E§§.§............∩.......#
§§###§§###..#####...#######
..#♣♣.§♣♣#.## ##.##
..#♣...§♣#.# #.#
..+}....§§.# ###.###
..+......'.### #.#(..# ##
..#♣....♣#...###RE##....#
..#♣♣..♣♣###.O.§@)####..#
..###''# ##............#
.......# #.............#
#.###### #......>.......#
..# #........).....# #.#
#.............(# #.#
#..............# #.#
#..........!...# #.#
##..............#


You could see Azrael, a two-headed ogre and a fire elemental.

Vanquished Creatures
  Frances (D:13)
  The ghost of p0werm0de the Cleaver, a journeyman MiBe of Trog (D:11)
  A fire dragon (D:10)
  8 vault guards
  A hydra (D:12)
  The ghost of greprep the Cleaver, a novice MiFi of Qazlal (D:9)
  2 centaur warriors
  3 two-headed ogres
  Pikel (D:9)
  2 ugly things
  2 cyclopes
  A deep elf mage (D:12)
  A manticore (D:12)
  A centaur zombie (D:13)
  Psyche (D:9)
  A gargoyle (D:11)
  Joseph (D:7)
  4 trolls
  2 hornets (D:10)
  2 hippogriffs
  5 slime creatures (D:8)
  A shadow (D:12)
  5 fire bats (D:10)
  A wraith (D:10)
  Eustachio (D:6)
  4 hogs (D:7)
  A yak (D:8)
  2 fire elementals
  A human (D:7)
  2 hungry ghosts
  A soldier ant (D:7)
  3 hell hounds (D:13)
  A porcupine (D:9)
  A sky beast (D:7)
  4 orc warriors
  2 black bears
  3 phantoms
  3 ogres
  2 ice beasts
  An eye of draining (D:7)
  A necrophage (D:10)
  8 centaurs
  A crocodile (D:10)
  A big kobold (D:11)
  11 bullfrogs
  3 scorpions
  17 killer bees
  15 wights
  3 howler monkeys (D:8)
  10 crimson imps
  3 bullfrog zombies
  5 hounds
  6 jellies
  11 orc wizards
  A centaur skeleton (D:8)
  3 bullfrog skeletons
  2 orc priests
  2 iguanas
  12 worker ants
  A hound zombie (D:8)
  3 hound skeletons
  A worker ant zombie (D:11)
  4 gnolls (D:3)
  11 adders
  A howler monkey skeleton (D:7)
  8 shadow imps
  2 oozes
  2 adder skeletons (D:7)
  2 worms (D:2)
  5 leopard geckos
  33 orcs
  A ball python (D:4)
  7 giant cockroaches
  6 goblins
  11 hobgoblins
  4 jackals (D:11)
  13 kobolds
  2 quokkas
  7 bats
  4 frilled lizards
  A jackal skeleton (D:4)
  14 rats
339 creatures vanquished.

Vanquished Creatures (others)
  2 slaves (D:9)
  A centaur (D:10)
  A shadow imp (D:9)
  A leopard gecko (D:9)
  4 fungi (D:9)
  A plant (D:9)
10 creatures vanquished.

Grand Total: 349 creatures vanquished

Notes
Turn   | Place    | Note
-------+----------+-------------------------------------------
     0 | D:1      | wilfster70 the Minotaur Berserker began the quest for the Orb.
     0 | D:1      | Reached XP level 1. HP: 19/19 MP: 0/0
    47 | D:1      | Found a sparkling altar of Nemelex Xobeh.
   272 | D:1      | Reached XP level 2. HP: 23/27 MP: 1/1
   851 | D:2      | Reached skill level 4 in Axes
   941 | D:2      | Reached XP level 3. HP: 32/33 MP: 2/2
  1079 | D:2      | Reached ** piety under Trog
  1233 | D:2      | Found a snail-covered altar of Cheibriados.
  1281 | D:2      | Reached skill level 1 in Shields
  1281 | D:2      | Reached XP level 4. HP: 22/40 MP: 3/3
  1686 | D:3      | Found a shadowy altar of Dithmenos.
  1947 | D:3      | Reached skill level 5 in Axes
  1947 | D:3      | Reached XP level 5. HP: 36/46 MP: 4/4
  2061 | D:3      | Reached *** piety under Trog
  2662 | D:4      | Reached XP level 6. HP: 41/53 MP: 5/5
  2755 | D:4      | Got a brightly glowing whip
  2756 | D:4      | Identified the +6 whip "Oleapn" {venom, rElec rPois rF- Int+4} (You found it on level 4 of the Dungeon)
  2820 | D:4      | Found a bloodstained altar of Trog.
  2841 | D:4      | Found a hide-covered altar of Uskayaw.
  2851 | D:4      | Found a shattered altar of Ashenzari.
  3103 | D:5      | Entered Level 5 of the Dungeon
  3171 | D:5      | Reached skill level 5 in Fighting
  3275 | D:5      | Reached skill level 6 in Axes
  3319 | D:5      | Found a blossoming altar of Fedhas.
  3341 | D:5      | Reached XP level 7. HP: 59/61 MP: 6/6
  3403 | D:5      | Reached **** piety under Trog
  3594 | D:5      | Reached skill level 5 in Armour
  3664 | D:5      | Reached skill level 7 in Axes
  4172 | D:6      | Reached XP level 8. HP: 54/70 MP: 7/7
  4290 | D:6      | Noticed Eustachio
  4325 | D:6      | Killed Eustachio
  4351 | D:6      | Reached skill level 8 in Axes
  4351 | D:6      | Reached skill level 5 in Dodging
  4539 | D:6      | Found a sparkling altar of Nemelex Xobeh.
  4652 | D:6      | Found a white marble altar of Elyvilon.
  4923 | D:7      | Found a staircase to the Ecumenical Temple.
  5015 | D:7      | Found a glowing silver altar of Zin.
  5016 | D:7      | Found a white marble altar of Elyvilon.
  5016 | D:7      | Found a shimmering altar of Xom.
  5016 | D:7      | Found a shimmering altar of Xom.
  5090 | D:7      | Noticed a troll
  5105 | D:7      | Killed a troll
  5105 | D:7      | Reached skill level 5 in Shields
  5126 | D:7      | Noticed a brown ugly thing
  5146 | D:7      | Killed a brown ugly thing
  5146 | D:7      | Reached skill level 9 in Axes
  5146 | D:7      | Reached XP level 9. HP: 23/79 MP: 3/8
  5183 | D:7      | Received a gift from Trog
  5245 | D:7      | Noticed a centaur warrior
  5253 | D:7      | Killed a centaur warrior
  5253 | D:7      | Reached skill level 10 in Axes
  5255 | D:7      | Got a ring of the Octopus King
  5257 | D:7      | Identified a ring of the Octopus King {rC+ AC+1 EV+1 Str+1 Int+1 Dex+1} (You took it off a centaur warrior on level 7 of the Dungeon)
  5399 | D:7      | Reached ***** piety under Trog
  5507 | D:7      | Noticed Joseph
  5524 | D:7      | Killed Joseph
  5524 | D:7      | Reached XP level 10. HP: 84/88 MP: 9/9
  5881 | D:7      | Reached skill level 11 in Axes
  6055 | D:7      | Received a gift from Trog
  6128 | D:8      | Found a transporter.
  6130 | D:8      | Found a viscous altar of Jiyva.
  6162 | D:8      | Found a transporter.
  6467 | D:8      | Identified a +0 pair of boots of running (You found it on level 8 of the Dungeon)
  6612 | D:8      | Noticed a cyclops
  6619 | D:8      | Reached skill level 12 in Axes
  6628 | D:8      | Killed a cyclops
  6698 | D:8      | Found a snail-covered altar of Cheibriados.
  6772 | D:8      | Noticed a two-headed ogre
  6784 | D:8      | Killed a two-headed ogre
  6784 | D:8      | Reached XP level 11. HP: 82/97 MP: 10/10
  7035 | D:8      | Found a sparkling altar of Nemelex Xobeh.
  7380 | D:9      | Noticed Pikel
  7392 | D:9      | Killed Pikel
  7467 | D:9      | Noticed Psyche
  7473 | D:9      | Killed Psyche
  7859 | D:9      | Found a staircase to the Lair.
  7873 | D:9      | Noticed greprep's ghost (novice MiFi)
  7896 | D:9      | Killed greprep's ghost
  7896 | D:9      | Reached skill level 13 in Axes
  8121 | D:10     | Entered Level 10 of the Dungeon
  8177 | D:10     | Found Cidek's Magic Scroll Boutique.
  8208 | D:10     | Bought a scroll of noise for 15 gold pieces
  8208 | D:10     | Bought a scroll of identify for 30 gold pieces
  8425 | D:10     | Noticed a fire dragon
  8440 | D:10     | Killed a fire dragon
  8482 | D:10     | Reached skill level 10 in Fighting
  8578 | D:10     | Received a gift from Trog
  8883 | D:10     | Noticed a two-headed ogre
  8895 | D:10     | Killed a two-headed ogre
  9339 | D:11     | Reached XP level 12. HP: 83/106 MP: 11/11
  9356 | D:11     | Found a bloodstained altar of Trog.
  9484 | D:11     | Noticed a two-headed ogre
  9505 | D:11     | Killed a two-headed ogre
  9531 | D:11     | Noticed p0werm0de's ghost (journeyman MiBe)
  9752 | D:11     | Reached skill level 14 in Axes
  9752 | D:11     | Reached skill level 10 in Armour
 10046 | D:11     | Killed p0werm0de's ghost
 10413 | D:12     | Noticed a five-headed hydra
 10422 | D:12     | Killed a nine-headed hydra
 10486 | D:12     | Reached skill level 10 in Shields
 11258 | D:13     | Found a gate to the Vaults.
 11258 | D:13     | Noticed a vault guard
 11258 | D:13     | Noticed a vault guard
 11258 | D:13     | Noticed a vault guard
 11258 | D:13     | Noticed a vault guard
 11258 | D:13     | Noticed a vault guard
 11259 | D:13     | Noticed a vault guard
 11259 | D:13     | Noticed a vault guard
 11264 | D:13     | Noticed a centaur warrior
 11266 | D:13     | Killed a vault guard
 11271 | D:13     | Killed a vault guard
 11277 | D:13     | Killed a vault guard
 11301 | D:12     | Killed a vault guard
 11529 | D:13     | Killed a centaur warrior
 11529 | D:13     | Reached skill level 15 in Axes
 11529 | D:13     | Reached skill level 10 in Dodging
 11531 | D:13     | Killed a vault guard
 11535 | D:13     | Killed a vault guard
 11548 | D:13     | Killed a vault guard
 11754 | D:13     | Noticed a vault guard
 11766 | D:13     | Killed a vault guard
 11766 | D:13     | Reached XP level 13. HP: 116/116 MP: 12/12
 11903 | D:13     | Noticed Frances
 11921 | D:13     | Killed Frances
 12008 | D:13     | Noticed Azrael
 12060 | D:13     | Received a gift from Trog
 12064 | D:13     | Killed from afar by Azrael

Skill      XL: |  1  2  3  4  5  6  7  8  9 10 11 12 13 |
---------------+----------------------------------------+-----
Axes           | 4 5 6 7 9 10 12 13 15 | 15.5
Fighting       | 4 5 7 8 9 10 11 | 11.3
Armour         | 3 4 5 6 7 8 9 10 11 | 11.1
Shields        | 1 2 3 4 5 6 8 9 10 | 10.8
Dodging        | 3 4 5 6 8 9 10 | 10.3

Action                   |  1- 3 |  4- 6 |  7- 9 | 10-12 | 13-15 || total
-------------------------+-------+-------+-------+-------+-------++-------
Melee: Hand axe          |   116 |   116 |       |       |       ||   232
       Headbutt          |    21 |    23 |    39 |   166 |     9 ||   258
       Whip              |       |    39 |    99 |       |       ||   138
       War axe           |       |       |   106 |   673 |    53 ||   832
Invok: Berserk           |       |     2 |     2 |    18 |     2 ||    24
       Burn Spellbooks   |       |     1 |     1 |     3 |       ||     5
  Use: Scroll            |     2 |     7 |     2 |    13 |       ||    24
 Stab: Invisible         |       |       |       |     1 |       ||     1
  Eat: Chunk             |     1 |     9 |     8 |    28 |     2 ||    48
       Fruit             |       |       |       |    11 |       ||    11
       Royal jelly       |       |       |       |     1 |       ||     1
Armor: Animal skin       |     2 |       |       |       |       ||     2
       Scale mail        |    23 |       |       |       |       ||    23
       Chain mail        |    29 |    67 |       |       |       ||    96
       Plate armour      |       |     6 |    88 |   176 |    13 ||   283
Dodge: Dodged            |    41 |    45 |    37 |   152 |    25 ||   300
Block: Shield            |    38 |    61 |   117 |   643 |    68 ||   927
       Reflection        |       |       |     8 |    15 |       ||    23
